Map: Overgrown Facility

Players

Diplomatus - Winner!

  • Race: Protoss Protoss
  • League: Platinum
  • Spawn Location: 1:00

Prometheus - Winner!

  • Race: Protoss Protoss
  • Spawn Location: 3:00

Zond

  • Race: Protoss Protoss
  • League: Silver
  • Spawn Location: 7:00

Nikell

  • Race: Zerg Zerg
  • League: Gold
  • Spawn Location: 9:00

VOD

Have the link to the VOD?

Description

Time

  • Played on: July 3, 2018, 1:22 p.m.
  • Length: 14:55
Show
View Real Time Build Order
Export as new Build Order

Diplomatus Protoss - Winner!

Build Orders:  

Get SALT Encoding   

Show
View Real Time Build Order
Export as new Build Order

Prometheus Protoss - Winner!

Build Orders: Dark Templar Rush 

Get SALT Encoding   

  6  0:00  Probe  
  12  0:06  Probe  
  12  0:14  Pylon  
  12  0:16  Probe  
  12  0:32  Probe  
  12  0:35  Gateway  
  12  0:44  Assimilator, Probe  
  12  0:51  Assimilator  
  12  0:54  Probe  
  12  1:02  Probe  
  12  1:11  Probe  
  12  1:18  Gateway  
  12  1:22  Cybernetics Core  
  12  1:25  Probe  
  12  1:37  Probe  
  12  1:39  Pylon  
  12  1:49  Probe  
  12  1:50  Stalker  
  12  1:58  Warp Gate  
  12  2:01  Probe  
  12  2:07  Stalker  
  12  2:22  Robotics Facility  
  12  2:32  Twilight Council  
  12  2:40  Pylon  
  12  2:47  Shield Battery  
  12  3:00  Warp Prism  
  12  3:11  Dark Shrine  
  12  3:37  Nexus  
  12  3:41  Observer  
  12  3:59  Gateway  
  12  4:02  Gateway  
  12  4:15  Probe  
  12  4:23  Dark Templar  
  12  4:24  Dark Templar  
  12  4:27  Probe  
  12  4:37  Probe  
  12  4:45  Probe  
  12  4:53  Probe  
  12  5:01  Dark Templar x2  
  12  5:05  Probe  
  12  5:10  Probe  
  12  5:16  Probe  
  12  5:18  Probe  
  12  5:24  Probe  
  12  5:26  Probe  
  12  5:32  Probe  
  12  5:35  Assimilator  
  12  5:36  Assimilator, Probe  
  12  5:44  Probe  
  12  5:46  Pylon  
  12  5:48  Probe  
  12  5:49  Pylon  
  12  5:58  Pylon  
  12  6:04  Probe x2  
  12  6:09  Pylon  
  12  6:16  Probe x2  
  12  6:20  Pylon x2  
  12  6:28  Probe x2  
  12  6:40  Probe  
  12  6:44  Observer  
  12  6:55  Forge  
  12  6:58  Gateway  
  12  7:01  Forge  
  12  7:02  Gateway  
  12  7:18  Gateway  
  12  7:19  Pylon  
  12  7:32  Pylon, Shield Battery  
  12  7:35  Shield Battery x2  
  12  7:41  Photon Cannon  
  12  7:52  Protoss Ground Weapons Level 1, Protoss Ground Armor Level 1  
  12  8:00  Photon Cannon, Immortal  
  12  8:12  Nexus  
  12  8:34  Stalker x2  
  12  8:35  Stalker x5  
  12  8:40  Immortal  
  12  8:50  Photon Cannon  
  12  9:04  Shield Battery  
  12  9:12  Shield Battery  
  12  9:14  Shield Battery  
  12  9:40  Protoss Ground Armor Level 2, Protoss Ground Weapons Level 2, Probe  
  12  9:41  Probe x2  
  12  9:46  Pylon  
  12  9:49  Charge, Pylon  
  12  9:52  Pylon, Probe  
  12  9:53  Probe x2  
  12  9:57  Pylon  
  12  9:59  Assimilator  
  12  10:05  Assimilator, Probe x3  
  12  10:08  Observer  
  12  10:17  Probe x3  
  12  10:28  Probe x2  
  12  10:29  Immortal, Probe  
  12  10:36  Probe x2  
  12  10:37  Probe  
  12  11:08  Immortal  
  12  11:24  Photon Cannon  
  12  11:25  Photon Cannon  
  12  11:27  Photon Cannon  
  12  11:29  Photon Cannon  
  12  11:30  Blink, Photon Cannon  
  12  11:33  Shield Battery  
  12  11:35  Shield Battery  
  12  11:51  Pylon  
  12  12:15  Photon Cannon  
  12  12:17  Photon Cannon  
  12  12:18  Photon Cannon  
  12  12:32  Photon Cannon  
  12  12:39  Shield Battery  
  12  12:45  Shield Battery  
  12  13:14  Photon Cannon x2  
  12  13:15  Photon Cannon  
  12  14:13  Photon Cannon  
  12  14:14  Shield Battery  
Show
View Real Time Build Order
Export as new Build Order

Zond Protoss 

Build Orders:  

Get SALT Encoding   

Show
View Real Time Build Order
Export as new Build Order

Nikell Zerg 

Build Orders:  

Get SALT Encoding   

Tags
 
Add a new tag
Caveats
  • Supply blocks, unpowered buildings, or Contaminate may cause inaccurate times.
  • Supply counts are checked every 10 seconds.